AoeStats
← EN_Tsai

Arabian Desert

509843911Analyzed
1v1 RM · 4d ago on Sep 28, 2026· 49m 24s· 2 players
Game mode
Random Map
Map size
Tiny (2 player)
Population
200
Speed
Normal
Resources
Standard
Victory
Conquest
Starting age
Dark Age
Ending age
Imperial Age
RankedLock teamsTeams togetherTeam positionsShared explorationLock speedFull tech treeHidden civsTurbo modeCheats
Victory
Defeat
🇹🇼 Saxons · Taiwan
1042
+16
🇦🇺 Hindustanis · Australia
1050
-16
EN_Tsai
8:57 Feudal Age
7:12 Loom
14:10 Castle Age
12:19 Double-Bit Axe
16:55 Bow Saw
28:57 Scale Mail Armor
29:46 Fletching
31:21 Bodkin Arrow
31:36 Forging
40:00 Wheelbarrow
40:31 Husbandry
39:53 Light Cavalry
41:59 Hand Cart
44:01 Bloodlines
45:50 Scale Barding Armor
45:56 Forging
48:26 Iron Casting
48:12 Chain Barding Armor
48:07 Chain Mail Armor
52:03 Imperial Age
Slazinater
9:10 Loom
11:02 Feudal Age
12:10 Horse Collar
12:17 Double-Bit Axe
18:06 Castle Age
18:06 Scale Mail Armor
17:55 Arson
21:51 Forging
24:52 Chain Mail Armor
27:41 Iron Casting
28:27 Squires
30:33 Sanctity
31:41 Fervor
33:14 Devotion
34:55 Redemption
43:51 Scale Barding Armor
Connection lost

Rejoining the realm…

Still unreachable

The connection could not be restored.

Session expired

The server has moved on; the page needs a fresh start.